 Dungeon Crawl Stone Soup version 0.31-a0-986-g5e6e4ef867 (webtiles) character file.

Game seed: 3768527373430469698

43 Pooter the Chopper (level 3, -2/33 HPs)
             Began as a Minotaur Berserker on Nov 18, 2023.
             Was a Follower of Trog.
             Slain by a hobgoblin (6 damage)
             ... led by Robin
             ... on level 2 of the Dungeon.
             The game lasted 00:03:14 (640 turns).

Pooter the Chopper (Minotaur Berserker)              Turns: 640, Time: 00:03:15

Health: -2/33      AC:  2    Str: 23    XL:     3   Next: 37%
Magic:  2/2        EV: 12    Int:  4    God:    Trog [*.....]
Gold:   53         SH:  0    Dex: 15    Spells: 2/2 levels left

rFire   . . .        a - +0 war axe
rCold   . . .        (no shield)
rNeg    . . .        g - +0 animal skin
rPois   .            (helmet restricted)
rElec   .            (no cloak)
rCorr   .            (no gloves)
SInv    .            (no boots)
Will    .....        (no amulet)
Stlth   ++           d - +6 ring of dexterity
HPRegen 0.25/turn    (no ring)
MPRegen 0.08/turn

%: no passive effects
@: on berserk cooldown, slowed, very slow
A: horns 2, retaliatory headbutt
a: Renounce Religion, Berserk


You were on level 2 of the Dungeon.
You worshipped Trog.
Trog was aware of your devotion.
You visited 1 branch of the dungeon, and saw 2 of its levels.

You collected 53 gold pieces.

Inventory:

Hand Weapons
 a - a +0 war axe (weapon)
   (You found it on level 2 of the Dungeon)
 b - a +0 sling
   (You took it off a goblin on level 2 of the Dungeon)
Missiles
 Q - 3 stones (quivered)
Armour
 g - a +0 animal skin (worn)
Jewellery
 d - a +6 ring of dexterity (left hand)
   (You found it on level 1 of the Dungeon)
Scrolls
 e - a scroll of enchant weapon {unknown}
 f - a scroll of enchant armour {unknown}


   Skills:
 + Level 4.1 Fighting
 * Level 4.4 Axes
 * Level 1.0 Ranged Weapons
 - Level 2.4 Armour
 - Level 2.1 Dodging
 - Level 1.1 Stealth


You had 2 spell levels left.
You didn't know any spells.
Your spell library was empty.

Dungeon Overview and Level Annotations

Branches:
Dungeon (1/15) Zot: 11349

Altars:


Innate Abilities, Weirdness & Mutations

You have a pair of horns on your head.
You reflexively headbutt those who attack you in melee.


Message History

You slash the goblin!
You kill the goblin!
Trog accepts your kill.
Items here: ))) ††††.
You barely miss Robin. Robin hits you with a +0 club.
You barely miss Robin. Your headbutt misses Robin.
Robin says, "My army is invincible!"
Robin hits you with a +0 club.
You closely miss Robin.
You are no longer berserk.
You are exhausted.
You feel yourself slow down. Robin hits you but does no damage.
You slash Robin! Robin throws the goblin at you! The goblin misses you.
You hit Robin but do no damage. You barely miss the goblin.
Robin throws the goblin at you! The goblin hits you with a +0 club.
The goblin barely misses you. Robin hits you with a +0 club.
The goblin closely misses you. The goblin misses you.
You closely miss Robin. You closely miss the goblin. You hit the goblin.
You kill the goblin!
Trog accepts your kill.
The hobgoblin no longer looks unusually strong.
The goblin no longer looks unusually strong.
Robin hits you with a +0 club.
* * * LOW HITPOINT WARNING * * *
The goblin closely misses you. The goblin hits you with a +0 club.
* * * LOW HITPOINT WARNING * * *
Robin completely misses you.
You hit Robin. You headbutt Robin. You hit the goblin.
You kill the goblin!
Trog accepts your kill.
Robin roars a battlecry!
The hobgoblin goes into a battle-frenzy!
Robin misses you.
You barely miss Robin.
The goblin no longer looks unusually strong.
Robin hits you with a +0 club.
* * * LOW HITPOINT WARNING * * *
Robin roars a battlecry!
The goblin goes into a battle-frenzy!
You hit Robin.
You kill Robin!
Trog accepts your kill. The hobgoblin hits you.
* * * LOW HITPOINT WARNING * * *
Your Ranged Weapons skill increases to level 1!
It was a potion of berserk rage.
You're still recovering from your berserk rage.
The hobgoblin misses you. The hobgoblin hits you.
You die...

#.....##
#.##...## #.
#.#..### #.
#.##..:## #.
#.####..# #.
#.# ##.#### #+
#.# #....## #.#
####.)#######
#. ##@)......
.....Jg#.....#.
##...gw .....#
#..).. .###.#
.'..... ## ..
'#..... .
.....## .....


You could see a dart slug, an endoplasm, a hobgoblin (strong) and a goblin
(strong).

Vanquished Creatures
  Robin (D:2)
  4 endoplasms (D:1)
  7 goblins (D:2)
  6 hobgoblins
  3 ball pythons
  2 bats
  A frilled lizard (D:1)
  3 kobolds (D:1)
  3 rats
30 creatures vanquished.

Notes
Turn   | Place    | Note
-------+----------+-------------------------------------------
     0 | D:1      | Pooter the Minotaur Berserker began the quest for the Orb.
     0 | D:1      | Reached XP level 1. HP: 19/19 MP: 0/0
   199 | D:1      | Reached XP level 2. HP: 18/27 MP: 1/1
   414 | D:1      | Reached skill level 1 in Stealth
   477 | D:1      | You fall into a shaft and drop 1 floor!
   619 | D:2      | Noticed Robin
   629 | D:2      | Reached XP level 3. HP: 33/33 MP: 2/2
   639 | D:2      | Killed Robin
   640 | D:2      | Reached skill level 1 in Ranged Weapons
   640 | D:2      | Slain by a hobgoblin

Illustrated notes

Levels and vault maps discovered:
D:1:      heliophobic_arrival_ceremonial_halls, layout_basic
D:2:      layout_basic, uniq_robin

Skill      XL: |  1  2  3 |
---------------+----------+-----
Axes           | 4 |  4.4
Stealth        | 1 |  1.1
Fighting       | 4 |  4.1
Ranged Weapons | 1 |  1.0
Armour         | |  2.4
Dodging        | |  2.1

Action                     || total
---------------------------++-------
  Melee: Hand axe          ||    33
         Headbutt          ||     6
         War axe           ||    20
   Fire: Sling             ||     6
 Invoke: Berserk           ||     1
    Use: Potion            ||     1
   Stab: Sleeping          ||     3
 Armour: Animal skin       ||    34
  Dodge: Dodged            ||    30

Table legend: (Time is in decaauts)
 A = Elapsed time spent in this place.
 B = Non-inter-level travel time spent in this place.
 C = Inter-level travel time spent in this place.
 D = Time resting spent in this place.
 E = Time spent auto-exploring this place.
 F = Levels seen in this place.
 G = Mean time per level.
                   A        B        C        D        E       F      G
               +--------+--------+--------+--------+--------+-----+--------+
         Total |    649 |    649 |      0 |    224 |    251 |   2 |  324.5 |
       Dungeon |    649 |    649 |      0 |    224 |    251 |   2 |  324.5 |
               +--------+--------+--------+--------+--------+-----+--------+

Top non-repeatable levels by time:
     D:1: 479 daAuts
     D:2: 169 daAuts
